 Dungeon Crawl Stone Soup version 0.31-a0-841-g038b102fc3 (webtiles) character file.

Game seed: 15976152610908571008

2 Bravepunisher the Ducker (level 1, -3/11 HPs)
             Began as a Spriggan Monk on Sept 27, 2023.
             Slain by an orc
             ... wielding a +0 hand axe
              (7 damage)
             ... on level 4 of the Dungeon.
             The game lasted 00:01:14 (339 turns).

Bravepunisher the Ducker (Spriggan Monk)             Turns: 339, Time: 00:01:14

Health: -3/11      AC:  2    Str:  7    XL:     1   Next: 33%
Magic:  2/2        EV: 18    Int: 11    God:
Gold:   56         SH:  0    Dex: 17    Spells: 0/0 levels left

rFire   . . .        a - +0 short sword
rCold   . . .        (no shield)
rNeg    . . .        b - +0 robe
rPois   .            (helmet restricted)
rElec   .            (no cloak)
rCorr   .            (gloves unavailable)
SInv    +            (boots unavailable)
Will    .....        d - amulet of regeneration
Stlth   ++           (no ring)
HPRegen 1.01/turn    (no ring)
MPRegen 0.08/turn

%: no passive effects
@: very quick
A: very small, no large weapons, unfitting armour, see invisible, speed 3
a: no special abilities


You were on level 4 of the Dungeon.
You visited 1 branch of the dungeon, and saw 5 of its levels.

You collected 56 gold pieces.

Inventory:

Hand Weapons
 a - a +0 short sword (weapon)
Armour
 b - a +0 robe (worn)
Jewellery
 d - an amulet of regeneration (around neck)
Potions
 c - a potion of ambrosia
 e - a potion of enlightenment {unknown}


   Skills:
 * Level 2.5 Fighting
 - Level 3.2 Short Blades
 + Level 4.1 Dodging


You couldn't memorise any spells.
You didn't know any spells.
Your spell library contained the following spells:

 Spells                   Type           Power      Damage    Failure   Level
 Dazzling Flash           Conj/Hex       0%         N/A       71%         3
 Agony                    Necr           0%         N/A       100%        5
 Silence                  Hex/Air        0%         N/A       100%        5


Dungeon Overview and Level Annotations

Branches:
Dungeon (5/15)
 Temple: D:4-7

Altars:
Ru

Annotations:
D:3 1 transporter, Jessica; javelincjr's ghost, amateur DjSh
D:4 Blork the orc


Innate Abilities, Weirdness & Mutations

You are very small and have problems with some larger weapons.
You are too small for most types of armour.
You have supernaturally acute eyesight. (SInv)
You cover ground extremely quickly. (Speed+++)


Message History

The ufetubus shouts!
There is an open door here.
There is a stone staircase leading up here.
You climb upwards.
There is a stone staircase leading down here.
You now have 48 gold pieces (gained 13).
There is a stone staircase leading down here.
Found 2 stones.
e - a white potion You now have 56 gold pieces (gained 8).
Blork the orc comes into view.
He is wielding a +0 glaive.
Blork the orc shouts!
An orc comes into view. It is wielding a +0 hand axe.
The orc shouts!
An orc comes into view. It is wielding a +0 club.
Found a stone staircase leading up.
Found a scroll labelled HIUXZYSAID.
Found a stone staircase leading up.
Found 6 stones.
Found 15 gold pieces.
The orc hits you with a +0 hand axe.
You hit the orc but do no damage. The orc misses you.
You hit the orc but do no damage. The orc hits you with a +0 hand axe.
You hit the orc but do no damage. The orc misses you.
You closely miss the orc. You hit the orc.
The orc is moderately wounded.
The orc hits you with a +0 hand axe.
* * * LOW HITPOINT WARNING * * *
You hit the orc but do no damage.
The orc is moderately wounded.
The orc hits you but does no damage.
You hit the orc. You punch the orc, but do no damage.
The orc is severely wounded.
The orc misses you.
You hit the orc but do no damage. You punch the orc, but do no damage.
The orc is severely wounded.
The orc hits you with a +0 hand axe!
Ouch! That really hurt!
You die...

### ...### ......
.... ...## #..#
#..########## #####.
##.oo@......#######
......#
##..#######........#
......# #...#
########## ......#
##..## #...####..##
## #.......(.###.##
#.........##...#
##........##...#
##..o..........#


You could see Blork the orc and an orc.

Vanquished Creatures
  A ball python (D:2)
  2 bats (D:3)
3 creatures vanquished.

Notes
Turn   | Place    | Note
-------+----------+-------------------------------------------
     0 | D:1      | Bravepunisher the Spriggan Monk began the quest for the
                  | Orb.
     0 | D:1      | Reached XP level 1. HP: 11/11 MP: 2/2
    23 | D:1      | Noticed a merfolk zombie
    27 | D:1      | Noticed a minotaur zombie
    75 | D:3      | Found a sacrificial altar of Ru.
   145 | D:3      | Noticed Jessica
   161 | D:3      | Noticed a quasit
   161 | D:3      | Noticed javelincjr's ghost (amateur DjSh)
   166 | D:3      | Noticed a quasit
   175 | D:3      | Found a transporter.
   218 | D:5      | Entered Level 5 of the Dungeon
   257 | D:4      | Noticed Blork the orc
   339 | D:4      | Slain by an orc

Illustrated notes

Levels and vault maps discovered:
D:1:      shiori_arrival_whats_in_store_for_you, layout_basic
D:2:      layout_rooms
D:3:      layout_basic, nicolae_qazlal_scattered_showers,
          nicolae_overflow_crystal_walls, gammafunk_ghost_stat_death,
          uniq_natasha, uniq_jessica, uniq_ijyb
D:4:      layout_cave_pods, mainiacjoe_overflow_concentric_impassable,
          uniq_blork_the_orc
D:5:      layout_gridville, grunt_dithmenos_smoke

Action                     || total
---------------------------++-------
  Melee: Short sword       ||    19
         Punch             ||     2
 Armour: Robe              ||    11
  Dodge: Dodged            ||    21

Table legend: (Time is in decaauts)
 A = Elapsed time spent in this place.
 B = Non-inter-level travel time spent in this place.
 C = Inter-level travel time spent in this place.
 D = Time resting spent in this place.
 E = Time spent auto-exploring this place.
 F = Levels seen in this place.
 G = Mean time per level.
                   A        B        C        D        E       F      G
               +--------+--------+--------+--------+--------+-----+--------+
         Total |    218 |    218 |      0 |      0 |     71 |   5 |   43.6 |
       Dungeon |    218 |    218 |      0 |      0 |     71 |   5 |   43.6 |
               +--------+--------+--------+--------+--------+-----+--------+

Top non-repeatable levels by time:
     D:3: 90 daAuts
     D:4: 78 daAuts
     D:2: 22 daAuts
     D:1: 22 daAuts
     D:5: 5 daAuts
